[Event "ICC tourney 2109 (75 10)"]
[Site "Internet Chess Club"]
[Date "2020.11.07"]
[Round "4"]
[White "gardemarin13"]
[Black "pika0008"]
[Result "0-1"]
[ICCResult "White resigns"]
[WhiteElo "1878"]
[BlackElo "1792"]
[Opening "Sicilian: Grand Prix attack"]
[ECO "B23"]
[NIC "SI.44"]
[Time "18:01:56"]
[PlyCount "86"]
[TimeControl "4500+10"]

1. e4 c5 2. Nc3 Nc6 3. f4 e6 4. Nf3 d5 5. Bb5 d4 6. Bxc6+ bxc6 7. Ne2 Nf6
8. d3 Be7 9. O-O h5 10. Ne5 Qc7 11. Qe1 h4 12. Bd2 h3 13. g4 Bd6 14. Ba5
Qb7 15. Nc4 Bc7 16. Qg3 Bd7 17. e5 Nd5 18. Bxc7 Qxc7 19. Nd6+ Kf8 20. f5
Ne3 21. Rf3 Rb8 22. fxe6 Bxe6 23. Nf4 Kg8 24. Nxe6 fxe6 25. Rf7 Qd8 26. Rf4
Qh4 27. Qf3 Nd5 28. Rf7 Qg5 29. Kh1 Qe3 30. Rxg7+ Kxg7 31. Qf7+ Kh6 32.
Qxe6+ Kg5 33. Qf5+ Kh4 34. Qf1 Rbf8 35. Nf5+ Rxf5 36. Qxf5 Qf4 37. Qxf4
Nxf4 38. Rf1 Kxg4 39. Re1 Kf5 40. Kg1 Re8 41. Kf2 Rxe5 42. Rg1 Re2+ 43. Kf1
Rxc2 { White resigns } 0-1

[Event "ICC tourney 2109 (75 10)"]
[Site "Internet Chess Club"]
[Date "2020.11.07"]
[Round "4"]
[White "karuto2006"]
[Black "AJ2000"]
[Result "0-1"]
[ICCResult "White checkmated"]
[WhiteElo "1677"]
[BlackElo "1674"]
[Opening "Ruy Lopez: 5.O-O"]
[ECO "C78"]
[NIC "RL.12"]
[Time "18:02:10"]
[PlyCount "144"]
[TimeControl "4500+10"]

1. e4 e5 2. Nf3 Nc6 3. Bb5 a6 4. Ba4 Nf6 5. O-O b5 6. Bb3 Bc5 7. c3 d6 8.
d4 Bb6 9. h3 O-O 10. Be3 Re8 11. Nbd2 Bb7 12. d5 Ne7 13. Bxb6 cxb6 14. c4
bxc4 15. Bxc4 Rc8 16. Qe2 b5 17. Bd3 Qb6 18. Rfc1 Ng6 19. g3 Re7 20. Rxc8+
Bxc8 21. a4 Nh5 22. Ne1 Nf6 23. axb5 axb5 24. Nc2 Bxh3 25. Kh2 Bc8 26. f3
Qc7 27. Ne3 Qb6 28. Ra8 Qb7 29. Ra5 b4 30. Rb5 Qa7 31. Ndc4 Qd7 32. Nf5
Qxb5 33. Nxe7+ Nxe7 34. Nxd6 Qc5 35. Nc4 Ng6 36. b3 Qd4 37. Kg2 Nh5 38. Kh2
Nhf4 39. gxf4 Nxf4 40. Qe3 Qxe3 41. Nxe3 Nxd3 42. d6 Nc5 43. Nd5 Kf8 44.
Nxb4 Nxb3 45. Nd5 Nd4 46. Kg3 Be6 47. Nc7 f6 48. Kf2 Kf7 49. Kg3 Nc2 50.
Kf2 Na3 51. d7 Bxd7 52. Nd5 Be6 53. Ne3 Nc4 54. Ng2 Bh3 55. Ne1 Nb2 56. Kg3
Be6 57. Ng2 Kg6 58. Nh4+ Kg5 59. Ng2 h5 60. Ne3 Nc4 61. Ng2 g6 62. Kf2 Bh3
63. Ne1 h4 64. Nd3 Bc8 65. Nb4 h3 66. Kg1 Kh4 67. Nd3 Kg3 68. Ne1 h2+ 69.
Kh1 Bh3 70. f4 exf4 71. e5 fxe5 72. Ng2 Bxg2# { White checkmated } 0-1

[Event "ICC tourney 2109 (75 10)"]
[Site "Internet Chess Club"]
[Date "2020.11.07"]
[Round "4"]
[White "Natey"]
[Black "saisneha"]
[Result "0-1"]
[ICCResult "White checkmated"]
[WhiteElo "1712"]
[BlackElo "1857"]
[Opening "Ruy Lopez: closed, Flohr-Zaitsev system (Lenzerheide variation)"]
[ECO "C92"]
[NIC "RL.26"]
[Time "18:01:47"]
[PlyCount "214"]
[TimeControl "4500+10"]

1. e4 e5 2. Nf3 Nc6 3. Bb5 a6 4. Ba4 Nf6 5. O-O Be7 6. Re1 b5 7. Bb3 d6 8.
c3 O-O 9. h3 Bb7 10. d4 Re8 11. Nbd2 Bf8 12. Bc2 g6 13. Nf1 Bg7 14. Ng3 Qd7
15. a4 exd4 16. Nxd4 Nxd4 17. cxd4 c5 18. d5 Rac8 19. Bf4 Qc7 20. Qd2 Nd7
21. Rab1 Ne5 22. Bxe5 Rxe5 23. f4 Re7 24. Kh2 Rce8 25. Qe2 Bxd5 26. axb5
axb5 27. Qxb5 Bc6 28. Qf1 Rb8 29. b3 Bb5 30. Bd3 Qc6 31. Red1 Bd4 32. Qf3
Reb7 33. Ne2 Bg7 34. Bxb5 Rxb5 35. Ng3 c4 36. b4 Rxb4 37. Rxb4 Rxb4 38. Qa3
Rb6 39. e5 d5 40. Ne2 Bf8 41. Qf3 Rb3 42. Qf2 Bc5 43. Qh4 Rb8 44. Qg3 Rd8
45. Qf3 Qe6 46. Qc3 Qf5 47. Qa5 Qc8 48. Qc3 Qd7 49. Qa5 Rc8 50. Qc3 Qb5 51.
Qf3 d4 52. Nxd4 Bxd4 53. Rxd4 c3 54. Rd1 Qb2 55. Qe3 c2 56. Rc1 Qc3 57. Qe2
Qc4 58. Qxc4 Rxc4 59. Kg3 Kf8 60. Kf3 Ke7 61. Ke3 Ke6 62. Kd3 Rxf4 63. Rxc2
Kxe5 64. Ke3 g5 65. g3 Ra4 66. Kf3 h5 67. Rc5+ Kf6 68. Rc3 Kg6 69. Rb3 Ra5
70. Rc3 f6 71. Rb3 Rf5+ 72. Kg2 Re5 73. Kf3 Re1 74. Rb7 Rh1 75. Kg2 Rc1 76.
Rb3 Rc4 77. Kf3 h4 78. gxh4 Rxh4 79. Kg3 f5 80. Rb6+ Kh5 81. Rf6 Rf4 82.
Rb6 Rd4 83. Rb3 f4+ 84. Kf2 Rd2+ 85. Kg1 Kh4 86. Ra3 Re2 87. Rb3 Re3 88.
Rb8 Rxh3 89. Kg2 Kg4 90. Rb4 Rg3+ 91. Kh2 Ra3 92. Rc4 Ra2+ 93. Kg1 Kg3 94.
Rc3+ f3 95. Rc1 g4 96. Rb1 Rg2+ 97. Kf1 Rh2 98. Kg1 f2+ 99. Kf1 Rh1+ 100.
Ke2 Rxb1 101. Ke3 f1=Q 102. Ke4 Re1+ 103. Kd5 Qd3+ 104. Kc5 Rc1+ 105. Kb4
Qb1+ 106. Ka3 Rc2 107. Ka4 Ra2# { White checkmated } 0-1

[Event "ICC tourney 2109 (75 10)"]
[Site "Internet Chess Club"]
[Date "2020.11.08"]
[Round "5"]
[White "Mapking1"]
[Black "pawnpush202044"]
[Result "1/2-1/2"]
[ICCResult "Game drawn by mutual agreement"]
[WhiteElo "1803"]
[BlackElo "1893"]
[Opening "Sicilian: Najdorf, Byrne (English) attack"]
[ECO "B90"]
[NIC "SI.14"]
[Time "11:02:06"]
[PlyCount "55"]
[TimeControl "4500+10"]

1. e4 c5 2. Nf3 d6 3. d4 cxd4 4. Nxd4 Nf6 5. Nc3 a6 6. Be3 e5 7. Nb3 Be7 8.
f3 Be6 9. Qd2 O-O 10. O-O-O a5 11. a4 Na6 12. Kb1 Nb4 13. g4 Rc8 14. h4 d5
15. g5 d4 16. gxf6 Bxf6 17. Nxd4 exd4 18. Bxd4 Bxd4 19. Qxd4 Qxd4 20. Rxd4
Rfd8 21. Rxd8+ Rxd8 22. Rh2 Na2 23. Bb5 Nxc3+ 24. bxc3 g6 25. Kc1 Kg7 26.
Rd2 Rxd2 27. Kxd2 Kh6 28. c4 { Game drawn by mutual agreement } 1/2-1/2

[Event "ICC tourney 2109 (75 10)"]
[Site "Internet Chess Club"]
[Date "2020.11.08"]
[Round "5"]
[White "kwen2008"]
[Black "playerlucky"]
[Result "1/2-1/2"]
[ICCResult "Game drawn by repetition"]
[WhiteElo "1717"]
[BlackElo "1823"]
[Opening "King's Indian: fianchetto, Kavalek (Bronstein) variation"]
[ECO "E60"]
[NIC "KI.74"]
[Time "11:01:48"]
[PlyCount "74"]
[TimeControl "4500+10"]

1. d4 Nf6 2. c4 g6 3. g3 Bg7 4. Bg2 O-O 5. Nf3 d6 6. O-O c6 7. Nc3 Qa5 8.
Bd2 Qc7 9. Rc1 Nbd7 10. b3 e5 11. dxe5 Nxe5 12. Nxe5 dxe5 13. e4 Be6 14.
Na4 b6 15. Qe2 Rfd8 16. Bc3 Rac8 17. Rfd1 Ne8 18. Bf3 h5 19. Bg2 Bg4 20.
Bf3 Be6 21. Qe1 Rd7 22. Rxd7 Qxd7 23. Rd1 Qc7 24. Bb2 Rd8 25. Rxd8 Qxd8 26.
Qd1 Qxd1+ 27. Bxd1 Nd6 28. f3 c5 29. Nc3 f5 30. Bc2 Kf7 31. Kf2 Bc8 32. Ke2
Bb7 33. Nd5 Ke6 34. Nc7+ Kd7 35. Nd5 Ke6 36. Nc7+ Kd7 37. Nd5 Ke6 { Game
drawn by repetition } 1/2-1/2

[Event "ICC tourney 2109 (75 10)"]
[Site "Internet Chess Club"]
[Date "2020.11.08"]
[Round "5"]
[White "mikoyansuren"]
[Black "chesslead"]
[Result "1-0"]
[ICCResult "Black resigns"]
[WhiteElo "1996"]
[BlackElo "2069"]
[Opening "Queen's bishop game"]
[ECO "D02"]
[NIC "QP.08"]
[Time "11:01:48"]
[PlyCount "105"]
[TimeControl "4500+10"]

1. d4 d5 2. Nf3 Nf6 3. Bf4 Bf5 4. e3 e6 5. Bd3 Bxd3 6. Qxd3 Nbd7 7. O-O Be7
8. c4 O-O 9. Nc3 c6 10. Rac1 Rc8 11. c5 b6 12. b4 a5 13. a3 axb4 14. axb4
Nh5 15. Be5 Ra8 16. Ra1 Nhf6 17. Ra6 bxc5 18. bxc5 Qc8 19. Rxa8 Qxa8 20.
Rb1 Nxe5 21. Nxe5 Rd8 22. Rb6 Qa1+ 23. Nd1 Bxc5 24. Rb1 Qa3 25. dxc5 Qxc5
26. Qc3 Qd6 27. Nxc6 Ra8 28. Nd4 h5 29. Qc6 Qf8 30. Nb5 Rd8 31. Rc1 Kh7 32.
Nb2 e5 33. Qc5 Qxc5 34. Rxc5 d4 35. exd4 exd4 36. Nd3 g6 37. f3 Re8 38.
Nxd4 Rd8 39. Rc4 Rd5 40. Nf4 Rd8 41. Nfe2 Nd5 42. Kf2 Nb6 43. Rc7 Kg8 44.
f4 Nd5 45. Rc4 Nb6 46. Rc6 Nd5 47. Kf3 Kg7 48. h3 Nb4 49. Rc7 Kf8 50. g4
hxg4+ 51. hxg4 Rd6 52. f5 gxf5 53. Rc8+ { Black resigns } 1-0

[Event "ICC tourney 2109 (75 10)"]
[Site "Internet Chess Club"]
[Date "2020.11.08"]
[Round "5"]
[White "Chess121"]
[Black "chesslin"]
[Result "0-1"]
[ICCResult "White checkmated"]
[WhiteElo "1478"]
[BlackElo "1834"]
[Opening "Modern defense"]
[ECO "A40"]
[NIC "QO.17"]
[Time "11:02:28"]
[PlyCount "126"]
[TimeControl "4500+10"]

1. d4 g6 2. Bf4 Bg7 3. e3 Nf6 4. h3 d6 5. Nf3 O-O 6. Nbd2 Re8 7. Be2 Nbd7
8. Bh2 b6 9. e4 e5 10. d5 Bb7 11. O-O c6 12. c4 a5 13. Rc1 Nc5 14. Qc2 Rc8
15. Bd3 Qd7 16. a3 a4 17. b4 axb3 18. Nxb3 cxd5 19. Nxc5 Rxc5 20. exd5 e4
21. Bxe4 Rxe4 22. Qb3 Qc7 23. Nd2 Rd4 24. Qb2 Ne4 25. Nxe4 Rxe4 26. Qd2 h5
27. Rfe1 Rcxc4 28. Rxc4 Qxc4 29. Rxe4 Qxe4 30. Bxd6 Bxd5 31. f3 Qd4+ 32.
Qxd4 Bxd4+ 33. Kf1 b5 34. Ke2 Bc4+ 35. Kd2 Kg7 36. g3 Kf6 37. Bb4 Kf5 38.
Bc3 Bc5 39. Bb4 Bxb4+ 40. axb4 h4 41. gxh4 Kf4 42. Ke1 Kxf3 43. Kd2 Kg3 44.
Ke3 Kxh3 45. Kf4 Kxh4 46. Kf3 f5 47. Kg2 g5 48. Kf3 Kh3 49. Kf2 Kh2 50. Kf3
Bd5+ 51. Kf2 f4 52. Kf1 g4 53. Kf2 g3+ 54. Kf1 f3 55. Ke1 Bb3 56. Kd2 g2
57. Ke3 Kg3 58. Kd2 g1=Q 59. Kc3 Qe3+ 60. Kb2 Bc4 61. Kc2 Qd3+ 62. Kb2 Qb3+
63. Ka1 Qa2# { White checkmated } 0-1

[Event "ICC tourney 2109 (75 10)"]
[Site "Internet Chess Club"]
[Date "2020.11.08"]
[Round "5"]
[White "Aram99"]
[Black "JunlinTheWorld"]
[Result "0-1"]
[ICCResult "White resigns"]
[WhiteElo "1655"]
[BlackElo "1839"]
[Opening "Grünfeld: exchange, classical variation"]
[ECO "D87"]
[NIC "GI.05"]
[Time "11:02:02"]
[PlyCount "76"]
[TimeControl "4500+10"]

1. d4 Nf6 2. c4 g6 3. Nc3 d5 4. cxd5 Nxd5 5. e4 Nxc3 6. bxc3 Bg7 7. Bc4 c5
8. Be3 Nc6 9. Ne2 O-O 10. O-O Qc7 11. Rb1 b6 12. Qa4 Bd7 13. Qc2 Na5 14.
Bd3 c4 15. f4 cxd3 16. Qxd3 f5 17. e5 e6 18. d5 Qc4 19. Rfd1 Qxd3 20. Rxd3
exd5 21. Rxd5 Be6 22. Rd6 Bxa2 23. Ra1 Bb3 24. Bf2 Nc4 25. Rd7 Rf7 26. Rxf7
Kxf7 27. Nd4 Na5 28. Nxb3 Nxb3 29. Rd1 Nc5 30. Bh4 a5 31. Rd6 a4 32. Rd2 a3
33. Ra2 Ke6 34. Kf1 Kd5 35. Bf2 Kc4 36. Bd4 Ne6 37. Ke2 Nxd4+ 38. cxd4 Kb3
{ White resigns } 0-1

[Event "ICC tourney 2109 (75 10)"]
[Site "Internet Chess Club"]
[Date "2020.11.08"]
[Round "5"]
[White "Goran21"]
[Black "corviknight"]
[Result "0-1"]
[ICCResult "White resigns"]
[WhiteElo "2022"]
[BlackElo "1835"]
[Opening "Ruy Lopez: exchange, Gligoric variation"]
[ECO "C69"]
[NIC "RL.08"]
[Time "11:01:47"]
[PlyCount "56"]
[TimeControl "4500+10"]

1. e4 e5 2. Nf3 Nc6 3. Bb5 a6 4. Bxc6 dxc6 5. O-O f6 6. d4 exd4 7. Nxd4 Bd6
8. Be3 Qe7 9. Nf5 Bxf5 10. exf5 O-O-O 11. Qf3 Qe5 12. g3 Ne7 13. Nd2 Qxf5
14. Qe2 Rhe8 15. c4 Bc5 16. Bxc5 Qxc5 17. Qg4+ Qf5 18. Qxf5+ Nxf5 19. Nf3
Rd3 20. Kg2 Re2 21. Rfe1 Rxb2 22. Re8+ Rd8 23. Re4 Nd6 24. Rh4 h6 25. c5
Nf5 26. Rf4 Ne3+ 27. Kg1 Nc2 28. Rb1 Rxb1+ { White resigns } 0-1

[Event "ICC tourney 2109 (75 10)"]
[Site "Internet Chess Club"]
[Date "2020.11.08"]
[Round "5"]
[White "goodcrowdchess"]
[Black "TheSuperKing"]
[Result "0-1"]
[ICCResult "White resigns"]
[WhiteElo "1664"]
[BlackElo "1745"]
[Opening "Scotch: Schmidt variation"]
[ECO "C45"]
[NIC "SO.03"]
[Time "11:01:48"]
[PlyCount "122"]
[TimeControl "4500+10"]

1. e4 e5 2. Nf3 Nc6 3. d4 exd4 4. Nxd4 Nf6 5. Nc3 Bb4 6. Nxc6 bxc6 7. Bd3
d5 8. exd5 cxd5 9. O-O O-O 10. Bg5 c6 11. Qf3 Be7 12. Rae1 Re8 13. Qg3 Be6
14. Ne2 Nh5 15. Bxe7 Nxg3 16. Bxd8 Nxe2+ 17. Rxe2 Raxd8 18. Rfe1 Rf8 19. f4
Rb8 20. b3 g6 21. Kf2 c5 22. Re5 c4 23. Be2 cxb3 24. axb3 Bf5 25. Rc1 Rfc8
26. Rxd5 Bxc2 27. Ra5 Rxb3 28. Rxa7 Rb2 29. Rd7 Rb3 30. Bd1 Rbc3 31. Bxc2
Rxc2+ 32. Rxc2 Rxc2+ 33. Kf1 Kg7 34. Rd6 Kh6 35. Rd5 Rc4 36. g3 Rc2 37. Kg1
Kg7 38. Rd6 Kf8 39. Ra6 Ke7 40. Rb6 h5 41. Ra6 h4 42. gxh4 Rc4 43. Kg2 Rxf4
44. Kg3 Rf5 45. Rb6 Kf8 46. Ra6 Kg7 47. Rb6 Kh6 48. Rb4 Kh5 49. Rc4 f6 50.
Rb4 Ra5 51. Rc4 Ra3+ 52. Kg2 f5 53. Rb4 Re3 54. h3 Re4 55. Rb3 Rxh4 56. Kf2
f4 57. Rb5+ g5 58. Rb3 Kg6 59. Kg2 Kf5 60. Rb4 f3+ 61. Kxf3 Rxb4 { White
resigns } 0-1

[Event "ICC tourney 2109 (75 10)"]
[Site "Internet Chess Club"]
[Date "2020.11.08"]
[Round "5"]
[White "PearsonH"]
[Black "jpbaligad"]
[Result "1/2-1/2"]
[ICCResult "Game drawn by repetition"]
[WhiteElo "1763"]
[BlackElo "1893"]
[Opening "Queen's pawn: London system"]
[ECO "A45"]
[NIC "QP.07"]
[Time "11:01:45"]
[PlyCount "83"]
[TimeControl "4500+10"]

1. d4 Nf6 2. Bf4 d5 3. e3 Bf5 4. Bd3 Bg6 5. Nf3 e6 6. c3 Bd6 7. Bxd6 Qxd6
8. Ne5 Nbd7 9. f4 Bxd3 10. Qxd3 Ne4 11. Nxd7 Qxd7 12. Nd2 Nxd2 13. Qxd2 O-O
14. O-O b6 15. Qe2 c5 16. Rad1 Qe7 17. e4 dxe4 18. Qxe4 cxd4 19. Rxd4 Qc5
20. Rd1 Rad8 21. Kh1 Rxd4 22. Qxd4 Qb5 23. c4 Qa5 24. a3 h6 25. h3 Qa4 26.
Qd3 Rc8 27. Rc1 b5 28. Qd7 Rxc4 29. Qe8+ Kh7 30. Rxc4 Qxc4 31. Qxf7 Qc1+
32. Kh2 Qxb2 33. Qxa7 Qb3 34. Qc5 Qc4 35. Qb4 Kg6 36. Kg3 Qd3+ 37. Kh2 Qc4
38. Kg3 Qd3+ 39. Kh2 Qc4 40. Kg3 Qd3+ 41. Kh2 Qc4 42. Kg3 { Game drawn by
repetition } 1/2-1/2

[Event "ICC tourney 2109 (75 10)"]
[Site "Internet Chess Club"]
[Date "2020.11.08"]
[Round "5"]
[White "SridharCCA70"]
[Black "FL2009"]
[Result "0-1"]
[ICCResult "White checkmated"]
[WhiteElo "1568"]
[BlackElo "1846"]
[Opening "English, 1...Nf6 (Anglo-Indian defense)"]
[ECO "A15"]
[NIC "EO.64"]
[Time "11:02:28"]
[PlyCount "88"]
[TimeControl "4500+10"]

1. c4 Nf6 2. b3 e6 3. Bb2 d5 4. e3 Be7 5. Nf3 O-O 6. Be2 b6 7. O-O Bb7 8.
d4 Nbd7 9. Nc3 Re8 10. Bd3 Bf8 11. Re1 c5 12. Ne2 Rc8 13. Ng3 g6 14. Rc1
Bg7 15. e4 dxe4 16. Nxe4 Nxe4 17. Bxe4 Qc7 18. Bxb7 Qxb7 19. Ba1 Red8 20.
Qe2 cxd4 21. Nxd4 Nc5 22. Red1 Rd7 23. Nb5 Bxa1 24. Rxa1 Rcd8 25. Rxd7 Qxd7
26. b4 Nd3 27. Rb1 a6 28. Na3 Qa4 29. Rb3 Nc1 30. Qc2 Nxb3 31. axb3 Qxa3
32. h3 Qa1+ 33. Kh2 Qe5+ 34. g3 Qd4 35. Qe2 Qd3 36. Qe5 a5 37. bxa5 bxa5
38. Qc7 Qd4 39. Kg2 Qe4+ 40. Kh2 Rd1 41. g4 g5 42. Qb8+ Kg7 43. Qb6 Qh1+
44. Kg3 Rg1# { White checkmated } 0-1

[Event "ICC tourney 2109 (75 10)"]
[Site "Internet Chess Club"]
[Date "2020.11.08"]
[Round "5"]
[White "Goldenmaknae"]
[Black "Arsalchess"]
[Result "0-1"]
[ICCResult "White resigns"]
[WhiteElo "1863"]
[BlackElo "1925"]
[Opening "Queen's bishop game"]
[ECO "D02"]
[NIC "QP.08"]
[Time "11:01:46"]
[PlyCount "72"]
[TimeControl "4500+10"]

1. d4 d5 2. Nf3 Nf6 3. Bf4 c5 4. e3 Nc6 5. Be2 Bg4 6. dxc5 e6 7. O-O Bxc5
8. h3 Bh5 9. Ne5 Bxe2 10. Qxe2 O-O 11. c3 h6 12. Nd2 Nd7 13. Nxd7 Qxd7 14.
Nb3 Be7 15. Rfd1 e5 16. Bh2 Qe6 17. Rd2 a5 18. Qb5 a4 19. Nc5 Bxc5 20. Qxc5
Ra5 21. Qb6 Re8 22. Rad1 d4 23. a3 dxc3 24. bxc3 Qb3 25. Rb1 Qxc3 26. Rd7
Rc5 27. Bg3 Na5 28. Rb4 Qe1+ 29. Kh2 Rc1 30. Bh4 Qh1+ 31. Kg3 Rg1 32. Kg4
Qxg2+ 33. Bg3 f5+ 34. Kh4 Rh1 35. Kh5 Qxh3+ 36. Bh4 Rg1 { White resigns }
0-1

[Event "ICC tourney 2109 (75 10)"]
[Site "Internet Chess Club"]
[Date "2020.11.08"]
[Round "5"]
[White "poohfur"]
[Black "VincentT2008"]
[Result "0-1"]
[ICCResult "White resigns"]
[WhiteElo "1695"]
[BlackElo "1765"]
[Opening "Giuoco Pianissimo"]
[ECO "C55"]
[NIC "IG.01"]
[Time "11:01:56"]
[PlyCount "94"]
[TimeControl "4500+10"]

1. e4 e5 2. Nf3 Nc6 3. Bc4 Nf6 4. d3 Bc5 5. c3 d6 6. Nbd2 O-O 7. h3 h6 8.
Nf1 a6 9. Bb3 Ba7 10. g4 d5 11. Qe2 Be6 12. Ng3 dxe4 13. dxe4 Bxb3 14. axb3
Re8 15. g5 hxg5 16. Bxg5 Qd6 17. Nf5 Qe6 18. Rg1 g6 19. Bh6 Red8 20. h4 Ne7
21. Ng5 Qd7 22. Nh3 Nxf5 23. exf5 Qxf5 24. Rg3 Qh5 25. Qxh5 Nxh5 26. Rf3 e4
27. Re3 Bxe3 28. Bxe3 Rd3 29. Ng5 Nf6 30. Bd4 Ng4 31. Ke2 Re8 32. f3 Nh6
33. Rg1 Rxd4 34. cxd4 e3 35. h5 Kg7 36. hxg6 fxg6 37. d5 Nf5 38. Ne6+ Kf6
39. Nxc7 Rd8 40. Rd1 Rh8 41. d6 Rh2+ 42. Kd3 Nxd6 43. Kxe3 Nf5+ 44. Ke4
Re2+ 45. Kd3 Rxb2 46. Kc3 Rf2 47. Rd3 Nh4 { White resigns } 0-1

[Event "ICC tourney 2109 (75 10)"]
[Site "Internet Chess Club"]
[Date "2020.11.08"]
[Round "5"]
[White "Roger436"]
[Black "gardemarin13"]
[Result "0-1"]
[ICCResult "White resigns"]
[WhiteElo "1733"]
[BlackElo "1900"]
[Opening "Sicilian: accelerated fianchetto, modern variation with Bc4"]
[ECO "B35"]
[NIC "SI.33"]
[Time "11:01:54"]
[PlyCount "48"]
[TimeControl "4500+10"]

1. e4 c5 2. Nf3 g6 3. d4 cxd4 4. Nxd4 Nc6 5. Nc3 Bg7 6. Be3 Nf6 7. Bc4 O-O
8. Bb3 a5 9. f3 d5 10. Nxd5 Nxd5 11. exd5 Nb4 12. c4 a4 13. Bxa4 Qa5 14.
Qd2 Qxa4 15. b3 Qa5 16. O-O Nxd5 17. Qxa5 Rxa5 18. cxd5 Rxd5 19. Rad1 Rfd8
20. Rfe1 e5 21. Rd2 exd4 22. Red1 Be6 23. Bf4 d3 24. Kf2 Bc3 { White
resigns } 0-1

[Event "ICC tourney 2109 (75 10)"]
[Site "Internet Chess Club"]
[Date "2020.11.08"]
[Round "5"]
[White "drberkley"]
[Black "pika0008"]
[Result "1-0"]
[ICCResult "Black checkmated"]
[WhiteElo "1925"]
[BlackElo "1757"]
[Opening "Sicilian: Grand Prix attack"]
[ECO "B23"]
[NIC "SI.44"]
[Time "11:01:46"]
[PlyCount "65"]
[TimeControl "4500+10"]

1. e4 c5 2. Nc3 Nc6 3. f4 e6 4. Nf3 d5 5. Bb5 Ne7 6. d3 a6 7. Bxc6+ Nxc6 8.
O-O Be7 9. a3 O-O 10. Qe1 b5 11. Ne2 Bb7 12. Ng3 b4 13. Be3 Rc8 14. Qf2 c4
15. Bb6 Qe8 16. exd5 exd5 17. Rfe1 f6 18. dxc4 dxc4 19. Rad1 Rf7 20. Nf5
Qf8 21. Rd7 Ba8 22. Nxe7+ Nxe7 23. Bc5 Bxf3 24. gxf3 Re8 25. axb4 g5 26.
Qe2 gxf4 27. Rxe7 Qg7+ 28. Kh1 Rfxe7 29. Bxe7 Qf7 30. Rg1+ Kh8 31. Bxf6+
Qxf6 32. Qxe8+ Qf8 33. Qxf8# { Black checkmated } 1-0

[Event "ICC tourney 2109 (75 10)"]
[Site "Internet Chess Club"]
[Date "2020.11.08"]
[Round "5"]
[White "greenninja"]
[Black "vishalanil"]
[Result "1-0"]
[ICCResult "Black resigns"]
[WhiteElo "1994"]
[BlackElo "1830"]
[Opening "Sicilian: dragon, Yugoslav attack, 10.O-O-O"]
[ECO "B78"]
[NIC "SI.17"]
[Time "11:01:35"]
[PlyCount "61"]
[TimeControl "4500+10"]

1. e4 c5 2. Nf3 d6 3. d4 cxd4 4. Nxd4 Nf6 5. Nc3 g6 6. Be3 Bg7 7. f3 Nc6 8.
Bc4 Bd7 9. Qd2 O-O 10. O-O-O Rc8 11. Bb3 Ne5 12. h4 h5 13. g4 hxg4 14. f4
Rxc3 15. Qxc3 Nxe4 16. Qe1 Nf3 17. Nxf3 gxf3 18. h5 gxh5 19. Bd4 e5 20.
Qxe4 exd4 21. Rxh5 Re8 22. Qxf3 Bc6 23. Qg3 Re3 24. Qg6 Rxb3 25. Qh7+ Kf8
26. axb3 Qf6 27. Qf5 Qxf5 28. Rxf5 Be4 29. Ra5 a6 30. b4 Ke7 31. Re1 {
Black resigns } 1-0

[Event "ICC tourney 2109 (75 10)"]
[Site "Internet Chess Club"]
[Date "2020.11.08"]
[Round "5"]
[White "Niteshc"]
[Black "Nikhilp"]
[Result "1-0"]
[ICCResult "Black resigns"]
[WhiteElo "1651"]
[BlackElo "1727"]
[Opening "Two knights defense (Modern bishop's opening)"]
[ECO "C55"]
[NIC "IG.01"]
[Time "11:01:45"]
[PlyCount "98"]
[TimeControl "4500+10"]

1. e4 e5 2. Nf3 Nc6 3. Bc4 Nf6 4. d3 Be7 5. O-O O-O 6. c3 d6 7. h3 Na5 8.
Nbd2 a6 9. Bb3 Nxb3 10. axb3 c5 11. Re1 h6 12. Nc4 b5 13. Na5 Qc7 14. d4
Rd8 15. d5 Bd7 16. Qc2 Rac8 17. Be3 Ra8 18. Red1 Qc8 19. Nh2 g5 20. g4 Kh8
21. Kh1 Rg8 22. Rg1 Bd8 23. f3 Bb6 24. Qf2 Rb8 25. Rgc1 Qc7 26. b4 Qa7 27.
bxc5 Bxc5 28. Bxc5 Qxc5 29. Qxc5 dxc5 30. Nb3 Rgc8 31. Rxa6 Kg7 32. Nf1 c4
33. Nbd2 b4 34. Ra7 bxc3 35. Rxc3 Rxb2 36. Rxc4 Rxc4 37. Nxc4 Rb1 38. Nxe5
Rxf1+ 39. Kg2 Rb1 40. Nxd7 Rb2+ 41. Kg3 h5 42. gxh5 Nxh5+ 43. Kg4 Kh6 44.
Ra6+ f6 45. Nxf6 Rg2+ 46. Kf5 Rg3 47. Ng4+ Kg7 48. Kxg5 Rxh3 49. Rh6 Rxf3 {
Black resigns } 1-0

[Event "ICC tourney 2109 (75 10)"]
[Site "Internet Chess Club"]
[Date "2020.11.08"]
[Round "5"]
[White "davika21"]
[Black "wangfang75"]
[Result "1-0"]
[ICCResult "Black checkmated"]
[WhiteElo "1929"]
[BlackElo "1834"]
[Opening "Ruy Lopez: exchange variation, 5.O-O"]
[ECO "C68"]
[NIC "RL.08"]
[Time "11:01:51"]
[PlyCount "45"]
[TimeControl "4500+10"]

1. e4 e5 2. Nf3 Nc6 3. Bb5 a6 4. Bxc6 dxc6 5. O-O Bd6 6. d4 exd4 7. Qxd4 f6
8. Nc3 Ne7 9. Qc4 b5 10. Qd3 Be6 11. b3 Ng6 12. Ne2 c5 13. Bb2 c4 14. Qe3
c5 15. e5 Nxe5 16. Nxe5 fxe5 17. Bxe5 Bxe5 18. Qxe5 Qe7 19. Nf4 Kf7 20.
Rfe1 Rae8 21. Nh5 Kg8 22. Re3 Qh4 23. Qxg7# { Black checkmated } 1-0

[Event "ICC tourney 2109 (75 10)"]
[Site "Internet Chess Club"]
[Date "2020.11.08"]
[Round "5"]
[White "DanielA1926"]
[Black "chessisthebest1"]
[Result "0-1"]
[ICCResult "White checkmated"]
[WhiteElo "1542"]
[BlackElo "1836"]
[Opening "QGD: Cambridge Springs defense, Capablanca variation"]
[ECO "D52"]
[NIC "QO.15"]
[Time "11:01:34"]
[PlyCount "128"]
[TimeControl "4500+10"]

1. d4 d5 2. Nf3 Nf6 3. c4 e6 4. Bg5 Nbd7 5. e3 c6 6. Nc3 Qa5 7. Bxf6 Nxf6
8. Qb3 dxc4 9. Bxc4 b5 10. Bd3 Qb4 11. Ne5 Qxb3 12. axb3 Bb7 13. Rc1 Rc8
14. Ne4 Nd5 15. O-O f6 16. Nxc6 Bxc6 17. Rxc6 Rxc6 18. Bxb5 Kd7 19. Rc1 Nb4
20. Kf1 Kc7 21. Nc3 Kb7 22. Bxc6+ Nxc6 23. Ke2 Bb4 24. d5 exd5 25. Nxd5 Bd6
26. h3 Rc8 27. Nc3 Rd8 28. Rd1 Be5 29. Rxd8 Nxd8 30. f4 Bd6 31. g4 Nc6 32.
Ne4 Be7 33. Kd3 Nb4+ 34. Kc4 Kc6 35. h4 Nd5 36. Kd4 f5 37. gxf5 Bxh4 38.
Ng5 h6 39. Ne6 Bf6+ 40. Kd3 Nc7 41. Ke4 Nxe6 42. fxe6 g6 43. f5 Kd6 44.
fxg6 Kxe6 45. b4 Bxb2 46. b5 Be5 47. b6 axb6 48. g7 Bxg7 49. Kf4 Bf6 50. e4
Bg5+ 51. Kg4 Ke5 52. Kh5 Kxe4 53. Kg6 b5 54. Kf7 b4 55. Ke6 b3 56. Kd6 b2
57. Ke6 b1=Q 58. Kf7 Qb3+ 59. Kg7 Qc3+ 60. Kf8 Qc8+ 61. Kf7 Qd7+ 62. Kg6
Qe6+ 63. Kh7 Qf7+ 64. Kh8 Bf6# { White checkmated } 0-1

[Event "ICC tourney 2109 (75 10)"]
[Site "Internet Chess Club"]
[Date "2020.11.08"]
[Round "5"]
[White "Natey"]
[Black "orwind"]
[Result "1-0"]
[ICCResult "Black resigns"]
[WhiteElo "1731"]
[BlackElo "1608"]
[Opening "Sicilian: Taimanov variation"]
[ECO "B45"]
[NIC "SI.36"]
[Time "11:02:10"]
[PlyCount "117"]
[TimeControl "4500+10"]

1. e4 c5 2. Nf3 e6 3. d4 cxd4 4. Nxd4 Nc6 5. Nc3 Nf6 6. Ndb5 d6 7. Bf4 e5
8. Bg5 a6 9. Na3 Be7 10. Bxf6 Bxf6 11. Nc4 Be7 12. Nd5 b5 13. Nxe7 Kxe7 14.
Ne3 Re8 15. Qd2 Kf8 16. Rd1 Re6 17. Nf5 Rf6 18. Qg5 Bxf5 19. exf5 Qd7 20.
Bd3 Re8 21. Be4 Ne7 22. Qe3 d5 23. O-O Qc6 24. Bf3 e4 25. Bg4 Kg8 26. Qd2
Rd8 27. Qf4 Qd6 28. Qxd6 Rdxd6 29. f3 e3 30. Rfe1 Nxf5 31. Bxf5 Rxf5 32.
Rxe3 f6 33. Kf2 Re5 34. Red3 g5 35. c3 Kf7 36. Rd4 Ke6 37. Ra1 Kd7 38. a4
Kc6 39. axb5+ Kxb5 40. Rb4+ Kc5 41. Ra5+ Kc6 42. Rxa6+ Kc5 43. Rxd6 Kxd6
44. Rb6+ Ke7 45. Rb7+ Ke6 46. Rxh7 d4 47. cxd4 Rb5 48. Ke3 Rxb2 49. g4 Rb3+
50. Ke4 Rb2 51. d5+ Kd6 52. Kf5 Rf2 53. Kxf6 Rxf3+ 54. Kxg5 Kxd5 55. h4 Ke6
56. h5 Ra3 57. h6 Ra5+ 58. Kg6 Ra8 59. Rg7 { Black resigns } 1-0